 Dungeon Crawl Stone Soup version 0.27-a0-1416-g941b2bd30b (webtiles) character file.

Game seed: 2541132634660855247

99 Lanoc the Ruffian (level 4, -1/35 HPs)
             Began as a Palentonga Transmuter on July 1, 2021.
             Was a Follower of Vehumet.
             Slain by a gnoll (6 damage)
             ... on level 3 of the Dungeon.
             The game lasted 00:02:26 (2122 turns).

Lanoc the Ruffian (Palentonga Transmuter)           Turns: 2122, Time: 00:02:27

Health: -1/35      AC:  4    Str: 13    XL:     4   Next: 45%
Magic:  4/7        EV: 10    Int: 14    God:    Vehumet [*.....]
Gold:   64         SH:  0    Dex: 11    Spells: 4/7 levels left

rFire    . . .     SeeInvis +     - Unarmed
rCold    . . .     Faith    .   (no shield)
rNeg     . . .     Spirit   .   a - +0 robe
rPois    .         Reflect  .   (helmet currently unavailable)
rElec    .         Harm     .   (no cloak)
rCorr    .         Rampage  .   (no gloves)
Will     .....                  (no barding)
Stlth    +.........             (no amulet)
HPRegen  0.11/turn              (no ring)
MPRegen  0.10/turn              (no ring)

@: appendages, wereblooded
A: horns 2, talons 2, large, rugged brown scales 3, see invisible, deformed
body, roll 1, armoured tail
a: Rolling Charge, End Transformation, Renounce Religion


You were on level 3 of the Dungeon.
You worshipped Vehumet.
Vehumet was aware of your devotion.
You had temporarily grown beastly horns and talons.
You visited 1 branch of the dungeon, and saw 3 of its levels.

You collected 64 gold pieces.

Inventory:

Missiles
 c - 4 atropa-tipped darts
Armour
 a - a +0 robe (worn)
 d - a +1 hat of intelligence (melded)
Wands
 h - a wand of iceblast (10)
Scrolls
 f - 2 scrolls of teleportation {unknown}
Potions
 b - 2 potions of magic {unknown}
 e - 2 potions of heal wounds {unknown}
 g - a potion of degeneration {unknown}


   Skills:
 + Level 1.8 Fighting
 + Level 2.0 Dodging
 * Level 3.9 Unarmed Combat
 - Level 2.0 Spellcasting
 * Level 3.2 Transmutations


You had 4 spell levels left.
You knew the following spells:

 Your Spells              Type           Power      Damage    Failure   Level
g - Wereblood             Tmut           10%        N/A       10%         2
h - Beastly Appendage     Tmut           20%        N/A       6%          1

Your spell library contained the following spells:

 Spells                   Type           Power      Damage    Failure   Level
 Sandblast                Erth           2%         2d4       24%         1
 Spider Form              Tmut/Pois      2%         N/A       36%         3
 Ice Form                 Ice/Tmut       5%         N/A       77%         4


Dungeon Overview and Level Annotations

Branches:
Dungeon (3/15)

Altars:
Vehumet

Shops:
D:1 !

Annotations:
D:3 1 transporter


Innate Abilities, Weirdness & Mutations

You have temporarily grown beastly horns and talons.
You are completely covered in rugged brown scales. (AC +3, +7% HP)
You have supernaturally acute eyesight. (SInv)
Armour fits poorly on your strangely shaped body.
You can roll at nearby foes to attack.
You have a long armoured tail.


Message History

Your blood is infused with primal strength.
The gnoll hits you with a +0 flail!
You hit the gnoll.
The gnoll is moderately wounded.
The gnoll hits you but does no damage.
Casting: Wereblood (safe; 8% risk of failure)
Confirm with . or Enter, or press ? or * to list all spells.
You grow a pair of large bovine horns.
Your feet morph into talons.
Your +1 hat of intelligence melds into your body.
You feel stupid. The gnoll hits you with a +0 flail.
You barely miss the gnoll.
The gnoll is moderately wounded.
A giant cockroach comes into view.
The gnoll barely misses you.
You hit the gnoll.
The gnoll is heavily wounded.
The gnoll hits you with a +0 flail.
You hit the gnoll. You tail-slap the gnoll.
The gnoll is heavily wounded.
The giant cockroach waves its antennae.
The gnoll hits you with a +0 flail!
You are too injured to fight recklessly!
You are too injured to fight recklessly!
You are too injured to fight recklessly!
You hit the gnoll but do no damage. Your kick misses the gnoll.
The gnoll is heavily wounded.
The gnoll closely misses you.
Your magical contamination has completely faded away.
You barely miss the gnoll.
The gnoll is heavily wounded.
The gnoll hits you with a +0 flail!
* * * LOW HITPOINT WARNING * * *
You barely miss the gnoll.
The gnoll is heavily wounded.
You closely miss the gnoll. You claw the gnoll, but do no damage.
Your headbutt misses the gnoll.
The gnoll is heavily wounded.
The gnoll hits you with a +0 flail.
You die...

#..#.##.##(.#.......#
#....##.##..##.####.#
.#.##.##.##..#### #.#
...##.#...#..# #.#
.............# #.#
.######...#.## #.# .
##.##.# ###.########
#.##.######...........
#.##...gg@..#.########
#.#####B#####.# #.#
#.#......# .. ..
##<##### ##


You could see 2 gnolls and a giant cockroach.

Vanquished Creatures
  A gnoll (D:1)
  2 adders (D:2)
  A worm (D:2)
  3 dart slugs
  An orc (D:2)
  5 ball pythons
  5 bats
  8 endoplasms
  3 giant cockroaches (D:1)
  3 goblins
  5 hobgoblins
  3 jackals (D:2)
  6 kobolds
  2 quokkas (D:2)
  3 frilled lizards
  4 rats
55 creatures vanquished.

Notes
Turn   | Place    | Note
-------+----------+-------------------------------------------
     0 | D:1      | Lanoc the Palentonga Transmuter began the quest for the
                  | Orb.
     0 | D:1      | Reached XP level 1. HP: 16/16 MP: 3/3
   292 | D:1      | Reached XP level 2. HP: 22/22 MP: 3/5
   374 | D:1      | Learned a level 2 spell: Wereblood
   515 | D:1      | Found Egriett's Distillery.
   856 | D:1      | Reached XP level 3. HP: 23/27 MP: 6/6
  1341 | D:2      | Reached XP level 4. HP: 23/35 MP: 7/7
  1954 | D:2      | Found a faded altar of an unknown god.
  1962 | D:2      | Became a worshipper of Vehumet
  1962 | D:2      | Reached * piety under Vehumet
  1962 | D:2      | Offered knowledge of Sandblast by Vehumet.
  2075 | D:3      | Found a transporter.
  2122 | D:3      | Slain by a gnoll

Illustrated notes

Levels and vault maps discovered:
D:1:      dpeg_arrival_oval, layout_basic, serial_shops, shop
D:2:      layout_basic, ebering_ecumenical_altar_hall
D:3:      kennysheep_the_goblin_king, layout_loops_ring,
          gammafunk_ghost_stat_death, uniq_grinder

Skill      XL: |  1  2  3 |
---------------+----------+-----
Dodging        | 2 |  2.0
Transmutations | 3 |  3.2
Fighting       | |  1.8
Unarmed Combat | |  3.9
Spellcasting   | |  2.0

Action                   |  1- 3 |  4- 6 || total
-------------------------+-------+-------++-------
Melee: Unarmed           |    94 |    53 ||   147
       Kick              |    19 |     6 ||    25
       Tailslap          |    14 |     4 ||    18
       Headbutt          |    10 |     7 ||    17
       Punch             |     2 |       ||     2
 Cast: Beastly Appendage |    18 |    10 ||    28
       Wereblood         |     2 |     4 ||     6
 Stab: Sleeping          |     1 |       ||     1
Armor: Robe              |    35 |    21 ||    56
Dodge: Dodged            |    32 |    20 ||    52

Table legend: (Time is in decaauts)
 A = Elapsed time spent in this place.
 B = Non-inter-level travel time spent in this place.
 C = Inter-level travel time spent in this place.
 D = Time resting spent in this place.
 E = Time spent auto-exploring this place.
 F = Levels seen in this place.
 G = Mean time per level.
                   A        B        C        D        E       F      G
               +--------+--------+--------+--------+--------+-----+--------+
         Total |   2112 |   2044 |     68 |      0 |   1742 |   3 |  704.0 |
       Dungeon |   2112 |   2044 |     68 |      0 |   1742 |   3 |  704.0 |
               +--------+--------+--------+--------+--------+-----+--------+

Top non-repeatable levels by time:
     D:1: 1204 daAuts
     D:2: 813 daAuts
     D:3: 94 daAuts
